AoeStats
← unavezmasak

Arabia

510449735Analyzed
1v1 RM · 11h ago on Oct 1, 2026· 31m 59s· 2 players
Game mode
Random Map
Map size
Tiny (2 player)
Population
200
Speed
Normal
Resources
Standard
Victory
Conquest
Starting age
Dark Age
Ending age
Imperial Age
RankedLock teamsTeams togetherTeam positionsShared explorationLock speedFull tech treeHidden civsTurbo modeCheats
Victory
Defeat
🇨🇴 Maya · Colombia
827
+15
🇦🇷 Celts · Argentina
815
-15
unavezmasak
9:49 Feudal Age
10:18 Double-Bit Axe
21:39 Castle Age
23:25 Bow Saw
23:23 Pikeman
24:10 Gold Mining
25:26 Stone Mining
29:58 Forging
29:49 Scale Mail Armor
KAKALUZ
0:35 Loom
9:58 Feudal Age
14:19 Double-Bit Axe
16:26 Horse Collar
16:39 Fletching
20:01 Wheelbarrow
20:03 Town Watch
24:04 Castle Age
23:00 Forging
24:27 Crossbowman
25:13 Thumb Ring
24:57 Pikeman
25:49 Bodkin Arrow
26:30 Squires
26:48 Gold Mining
28:10 Scale Mail Armor
30:57 Eagle Warrior
32:15 Ballistics
32:06 Masonry
Connection lost

Rejoining the realm…

Still unreachable

The connection could not be restored.

Session expired

The server has moved on; the page needs a fresh start.